 Dungeon Crawl Stone Soup version 0.29-a0-194-g6e3aafee17 (webtiles) character file.

Game seed: 3329856969596554107

57279 mcwallace the Summoner (level 14, -7/110 HPs)
             Began as a Barachi Ice Elementalist on Feb 22, 2022.
             Was the Champion of Cheibriados.
             Mangled by an orc warrior
             ... wielding a +0 dire flail
              (17 damage)
             ... on level 1 of the Orcish Mines.
             The game lasted 01:32:53 (19484 turns).

mcwallace the Summoner (Barachi Ice Elementalist)  Turns: 19484, Time: 01:32:53

Health: -7/110     AC: 27    Str: 25      XL:     14   Next: 85%
Magic:  17/27      EV: 22    Int: 35      God:    Cheibriados [******]
Gold:   1179       SH:  0    Dex: 27 (28) Spells: 14/31 levels left

rFire   . . .      SeeInvis .   w - +1 glaive (vamp) {polearm}
rCold   + . .      Faith    .   (shield currently unavailable)
rNeg    . . .      Spirit   .   M - +1 troll leather armour
rPois   .          Reflect  .   v - +0 helmet
rElec   .          Harm     .   q - +2 cloak
rCorr   +          Rampage  .   H - +2 pair of gloves
Will    +....                   S - +2 pair of boots
Stlth   ++........              r - amulet of regeneration {@e2}
HPRegen 1.88/turn               R - ring of resist corrosion
MPRegen 0.20/turn               Q - ring of protection from cold

@: ice-armoured, unable to hop, freezing walls, very slow
A: amphibious, slowness 1, strong legs 2, +LOS
a: Hop, Renounce Religion, Bend Time, Temporal Distortion, Slouch, Step From
Time


You were on level 1 of the Orcish Mines.
You worshipped Cheibriados.
Cheibriados was exalted by your worship.
You visited 4 branches of the dungeon, and saw 20 of its levels.

You collected 1179 gold pieces.


Innate Abilities, Weirdness & Mutations

You are amphibious.
You cover ground slowly.
You can hop long distances.
You have an extended range of vision and can be seen from far away.


   Skills:
 - Level 10.0 Fighting
 - Level 11.0 Armour
 - Level 10.9 Dodging
 - Level 1.8 Stealth
 - Level 9.0 Spellcasting
 + Level 14.9 Summonings
 - Level 8.0 Ice Magic
 + Level 11.2 Invocations
 - Level 5.0 Evocations


You had 14 spell levels left.
You knew the following spells:

 Your Spells              Type           Power      Damage    Failure   Level
a - Freeze                Ice            100%       1d11      1%          1
b - Frozen Ramparts       Ice            100%       1d12      1%          3
c - Ozocubu's Armour      Ice            64%        N/A       1%          3
d - Call Canine Familiar  Summ           88%        N/A       1%          3
e - Summon Hydra          Summ           44%        N/A       6%          7

Your spell library contained the following spells:

 Spells                   Type           Power      Damage    Failure   Level
 Slow                     Hex            60%        N/A       3%          1
 Sting                    Tmut/Pois      60%        1d6       3%          1
 Corpse Rot               Necr/Air       30%        N/A       4%          2
 Poisonous Vapours        Pois/Air       30%        N/A       4%          2
 Sublimation of Blood     Necr           15%        N/A       4%          2
 Wereblood                Tmut           15%        N/A       4%          2
 Hailstorm                Conj/Ice       43%        3d10      6%          4
 Confusing Touch          Hex            15%        N/A       9%          3
 Gell's Gravitas          Tloc           15%        N/A       9%          3
 Inner Flame              Hex/Fire       15%        N/A       9%          3
 Lesser Beckoning         Tloc           15%        N/A       9%          3
 Portal Projectile        Hex/Tloc       30%        N/A       9%          3
 Teleport Other           Tloc           15%        N/A       9%          3
 Vampiric Draining        Necr           15%        2d7       9%          3
 Cause Fear               Hex            7%         N/A       30%         4
 Leda's Liquefaction      Hex/Erth       7%         N/A       30%         4
 Olgreb's Toxic Radiance  Pois           15%        N/A       30%         4
 Petrify                  Tmut/Erth      15%        N/A       30%         4
 Irradiate                Conj/Tmut      7%         3d16      63%         5
 Ozocubu's Refrigeration  Ice            32%        4d11      67%         7
 Discord                  Hex            7%         N/A       100%        8
 Maxwell's Capacitive Co  Air            7%         ∞         100%        8

Inventory:

Hand Weapons
 w - a +1 vampiric glaive (weapon) {polearm}
   (You took it off an orc warrior on level 1 of the Orcish Mines)
 J - the +7 hand crossbow of Sesakhleq {penet, rPois, crossbow}
   (You found it on level 5 of the Lair of Beasts)

   Any ammunition fired by it passes through the targets it hits, potentially
   hitting all targets in its path until it reaches maximum range.
   rPois:     It protects you from poison.
 X - a +0 scimitar of flaming {long}
   (You took it off Erica on level 10 of the Dungeon)
Missiles
 l - 2 silver javelins {throwing}
 t - 3 silver boomerangs {throwing}
 u - 7 boomerangs {throwing}
 G - 50 poisoned darts {throwing}
 I - 4 throwing nets {=f!fthrowing}
 L - 2 curare-tipped darts {=fthrowing}
Armour
 q - a +2 cloak (worn)
   (You took it off Crazy Yiuf on level 7 of the Dungeon)
 v - a +0 helmet (worn)
   (You found it on level 12 of the Dungeon)
 H - a +2 pair of gloves (worn)
   (You found it on level 6 of the Lair of Beasts)
 M - a +1 troll leather armour (worn)
   (You found it on level 11 of the Dungeon)
 S - a +2 pair of boots (worn)
   (You found it on level 9 of the Dungeon)
Jewellery
 j - a +4 ring of protection
   (You took it off a spriggan on level 6 of the Lair of Beasts)
 p - a ring of see invisible
   (You found it on level 7 of the Dungeon)
 r - an amulet of regeneration (around neck) {@e2}
   (You took it off a hobgoblin on level 2 of the Dungeon)
 B - an amulet of the acrobat
   (You found it on level 3 of the Dungeon)
 K - a ring of ice
   (You found it on level 4 of the Dungeon)
 Q - a ring of protection from cold (right hand)
   (You found it on level 8 of the Dungeon)
 R - a ring of resist corrosion (left hand)
   (You found it on level 10 of the Dungeon)
Wands
 d - a wand of digging (14)
   (You found it on level 2 of the Dungeon)
 y - a wand of paralysis (10)
   (You found it on level 8 of the Dungeon)
 E - a wand of mindburst (31) (quivered)
   (You found it on level 4 of the Dungeon)
 P - a wand of acid (2)
   (You found it on level 5 of the Dungeon)
 T - a wand of polymorph (7)
   (You took it off Edmund on level 5 of the Dungeon)
 Y - a wand of iceblast (29)
   (You found it on level 6 of the Dungeon)
Scrolls
 c - 7 scrolls of immolation {!r!r}
 e - 2 scrolls of blinking {unknown}
 g - 3 scrolls of magic mapping {!r}
 h - 2 scrolls of amnesia
 i - 2 scrolls of vulnerability {unknown}
 m - 2 scrolls of enchant weapon {unknown}
 n - 11 scrolls of teleportation {@r4}
 s - 3 scrolls of fear
 O - a scroll of holy word {unknown}
 V - 2 scrolls of fog {unknown}
 W - a scroll of silence {unknown}
Potions
 a - a potion of mutation {unknown}
 f - 2 potions of resistance {unknown}
 k - a potion of attraction {unknown}
 o - 5 potions of curing {@q1}
 x - 7 potions of might
 z - 3 potions of brilliance
 A - 2 potions of lignification {unknown}
 C - a potion of cancellation {unknown}
 F - a potion of magic {unknown}
 N - 3 potions of flight {unknown}
 U - 3 potions of heal wounds {unknown}
 Z - 2 potions of haste {forbidden@q3}
Miscellaneous
 b - a phial of floods
   (You found it on level 12 of the Dungeon)
 D - a condenser vane (inert)
   (You found it on level 5 of the Lair of Beasts)

Dungeon Overview and Level Annotations

Branches:
Dungeon (12/15)            Temple (1/1) D:5            Lair (6/6) D:10
 Shoals (0/4) Lair:4       Spider (0/4) Lair:4        Slime (0/5) Lair:5
    Orc (1/2) D:10

Altars:
Ashenzari
Cheibriados
Dithmenos
Elyvilon
Fedhas
Gozag
Kikubaaqudgha
Nemelex Xobeh
Okawaru
Qazlal
Ru
Uskayaw
Vehumet
Xom
Yredelemnul
Zin
The Shining One
Lugonu

Shops:
D:3 ?   D:7 *   D:10 [   D:11 *

Portals:
Abyss: Lair:6
Trove: D:12 (give 6 scrolls of fog)

Annotations:
D:10 2 transporters, DrKleor's ghost, novice DsFi

..........................
........)..o...o>.........
........#....h............
......##.......§.....o.o..
###...##......)§o.$..{....
...#$.#########..o^o..$o..
....#.# ##..oO.....$
......# ##o..oOo>..
......# #@oo#......
......# ##C#)#o.≈≈≈
#.....# ##..$C.o## o......
.....≈ ..o.... .....≈#
o... o. #....≈# #...≈#
...≈# ..≈#


You could see an ettin, 4 orc warriors, 2 ogres, 3 orc priests, an orc wizard
and 3 orcs.


Message History

😕 HP[+2] MP[-3]
You regained 2 hp, and now have 109/110 hp.
You lost 3 mp, and now have 24/27 mp.
Casting: Frozen Ramparts (safe; 1% risk of failure)
Confirm with . or Enter, or press ? or * to list all spells.
A film of ice covers your body!
The orc warrior shouts!
The orc priest shouts!
The wall freezes the warg.
The warg bites you but does no damage.
The wall freezes the orc priest.
The orc priest calls upon Beogh to heal the orc warrior.
The orc warrior's wounds heal themselves!
The orc closely misses you.
The wall freezes the warg!
The warg misses you.
An orc comes into view. It is wielding a +0 trident.
An ogre comes into view. It is wielding a +0 giant club.
The orc enters a dispersal trap!
The warg blinks!
The orc priest blinks!
The warg blinks!
The orc warrior blinks! x2; The orc blinks!
The orc priest blinks!
The orc warrior blinks!
The ogre blinks!
The orc warrior blinks!
The orc priest blinks! x2; The orc wizard blinks!
The orc blinks!
The ettin blinks!
The orc warrior blinks! x2
The orc priest blinks!
The orc blinks! x2; The orc priest blinks!
You blink.
Your icy armour cracks and falls away as you move.
The frozen ramparts melt away as you move.
The orc blinks!
The orc warrior closely misses you.
The orc moves out of view.
The ogre moves out of view. 😎 HP[+1] MP[-3]
Your hp is fully restored (110).
You lost 3 mp, and now have 21/27 mp.
Hop to where?
Press: ? - help, Dir - move target Boing!
The orc wizard hits you but does no damage.
An ogre comes into view. It is wielding a +0 giant club.
An orc warrior comes into view. It is wielding a +0 hand axe.
The orc priest calls down the wrath of Beogh upon you.
Beogh smites you!
An orc priest comes into view. It is wielding a +0 club.
The orc shouts!
You hear a shout! 😕 HP[-11] MP[+1]
You take 11 damage, and now have 99/110 hp.
Casting: Ozocubu's Armour (safe; 1% risk of failure)
Confirm with . or Enter, or press ? or * to list all spells.
Casting: Frozen Ramparts (safe; 1% risk of failure)
Press: ? - help, Dir - look around, f - activate The walls around you are covered in ice.
The ogre shouts!
The wall freezes the orc wizard!
The orc wizard hits you but does no damage.
The orc priest calls upon Beogh to heal the orc priest.
The orc priest is healed somewhat.
An orc wizard comes into view. It is wielding a +0 dagger.
An orc wizard comes into view.
It is wielding a +0 dagger and wearing a +1 robe of fire resistance.
The wall freezes the ettin! 😕 HP[+2] MP[-3]
You regained 2 hp, and now have 101/110 hp.
You lost 3 mp, and now have 19/27 mp.
Casting: Frozen Ramparts (safe; 1% risk of failure)
Confirm with . or Enter, or press ? or * to list all spells.
A film of ice covers your body!
The orc priest mumbles some strange prayers to Beogh against you.
Beogh smites you!
The wall freezes the orc wizard.
You kill the orc wizard!
Cheibriados appreciates the change of pace.
The orc priest mumbles some strange prayers to Beogh against you.
Beogh smites you! The orc priest misses you.
The wall freezes the ettin!
The ettin hits you with a +0 dire flail!!
* * * LOW HITPOINT WARNING * * *
The ettin barely misses you. 😨 HP[-47] MP[-3]
You take 47 damage, and now have 54/110 hp.
MASSIVE DAMAGE!! (PAUSE)
You lost 3 mp, and now have 16/27 mp.
You hit the ettin.
The wall freezes something!
An orc comes into view. It is wielding a +0 dagger.
The wall freezes the orc warrior.
The orc warrior closely misses you. The orc priest completely misses you.
An orc comes into view. It is wielding a +0 war axe.
The wall freezes the ettin!
The ettin hits you with a +0 dire flail!
* * * LOW HITPOINT WARNING * * *
The ettin closely misses you.
The wall freezes something.
Cheibriados appreciates the change of pace.
Reactivating autopickup.
You feel a bit more experienced.
The wall freezes the orc warrior!
The orc warrior hits you but does no damage. 😨 HP[-11]
You take 11 damage, and now have 43/110 hp.
The orc shouts!
You slash the ettin! The orc priest closely misses you.
The wall freezes the ettin.
The ettin completely misses you.
The ettin hits you with a +0 dire flail!!!
* * * LOW HITPOINT WARNING * * *
The wall freezes the orc!
You kill the orc!
Cheibriados thoroughly appreciates the change of pace.
The orc wizard gestures wildly while chanting.
The orc wizard flickers and vanishes!
Deactivating autopickup; reactivate with Ctrl-A.
The wall freezes the orc warrior!
The orc warrior hits you with a +0 dire flail!
You die...

Skill      XL: |  1  2  3  4  5  6  7  8  9 10 11 12 13 14 |
---------------+-------------------------------------------+-----
Ice Magic      | 5 6 7 8 |  8.0
Fighting       | 1 2 4 5 6 8 10 | 10.0
Spellcasting   | 3 4 5 6 7 8 9 |  9.0
Dodging        | 3 4 5 6 7 8 10 | 10.9
Armour         | 2 4 5 6 8 10 11 | 11.0
Invocations    | 1 3 4 6 7 9 11 | 11.2
Summonings     | 3 5 7 9 12 14 | 14.9
Evocations     | 5 |  5.0
Stealth        | |  1.8

Action                   |  1- 3 |  4- 6 |  7- 9 | 10-12 | 13-15 || total
-------------------------+-------+-------+-------+-------+-------++-------
Melee: Unarmed           |    13 |       |     7 |       |       ||    20
       Short sword       |    16 |     5 |       |       |       ||    21
       Halberd           |       |    55 |   104 |    87 |       ||   246
       Scimitar          |       |       |       |   164 |   394 ||   558
       Punch             |       |       |       |     4 |     6 ||    10
       Glaive            |       |       |       |       |     2 ||     2
 Cast: Freeze            |    57 |    18 |     1 |       |     1 ||    77
       Frozen Ramparts   |       |    10 |    29 |    60 |    61 ||   160
       Ozocubu's Armour  |       |       |     5 |    18 |    21 ||    44
       Call Canine Famil |       |       |       |    20 |    13 ||    33
       Summon Hydra      |       |       |       |       |    30 ||    30
Invok: Slouch            |       |       |       |     1 |       ||     1
 Abil: Hop               |       |       |       |     3 |     2 ||     5
Evoke: Wand              |       |       |     6 |    14 |    10 ||    30
       Condenser vane    |       |       |       |       |     2 ||     2
  Use: Scroll            |       |       |     5 |     8 |     6 ||    19
       Potion            |       |       |       |     1 |       ||     1
 Stab: Distracted        |       |     2 |       |       |     5 ||     7
       Sleeping          |       |     1 |     1 |       |       ||     2
Armor: Robe              |    18 |    10 |    14 |       |       ||    42
       Skin              |       |       |     1 |       |       ||     1
       Steam dragon scal |       |       |    12 |   147 |   129 ||   288
       Ring mail         |       |       |     2 |       |       ||     2
       Troll leather arm |       |       |       |       |    45 ||    45
Dodge: Dodged            |    65 |    45 |    97 |   387 |   795 ||  1389

Levels and vault maps discovered:
D:1:      mainiacjoe_arrival_reflecting_pool, layout_loops_ring,
          nrook_mini_vaults
D:2:      layout_loops_cross, serial_co_window_serial,
          co_window_of_opportunity_a, co_window_paths_b, co_window_corner_a,
          co_window_paths_b, co_window_corner_a, co_window_paths_a,
          co_window_corner_b, co_window_broadway_c, co_window_broadway_c,
          co_window_broadway_c, co_window_paths_c, co_window_broadway_b,
          co_window_broadway_a, co_window_4corner_a, glass_columns_a,
          glass_columns_b, glass_columns_a, glass_columns_b,
          shapermc_ecumenical_altar_petra, minmay_misc_feat_pillars
D:3:      layout_rooms, lemuel_round_altar, mainiacjoe_overflow_paths,
          lemuel_tele_altar, mainiacjoe_overflow_divided_tiny, serial_shops,
          shop, st_stairs_1, chequers_serial_rivers_large_b, minmay_hedge_maze
D:4:      layout_basic, nicolae_overflow_hidden_temple
D:5:      layout_basic, lemuel_doored_altar, nicolae_uskayaw_en_pointe,
          temple_hall, serial_bayou, serial_bayou_pond_e, serial_bayou_ford_a,
          serial_bayou_pond_b, serial_bayou_crossing, uniq_edmund, uniq_pikel
D:6:      layout_gridville
D:7:      layout_basic, elyvilon_altar_5, serial_shops,
          nicolae_shop_competitors_out_of_business, minmay_strange_pillars,
          uniq_crazy_yiuf_cottage, uniq_harold
D:8:      layout_loops_cross, gammafunk_temple_overflow_wave, enter_bailey_2
D:9:      layout_grid_maze, mainiacjoe_overflow_six_doors_small,
          grunt_tough_drop
D:10:     wad_crossroads, layout_basic, erik_lair_island, gammafunk_ghost_hive,
          nicolae_shop_dragon_depot, uniq_erica
D:11:     layout_loops_ring, portal_ice_cave_demonic_guard,
          gauntlet_entry_generic, nicolae_alphabet_shops, kennysheep_potato,
          uniq_fannar
D:12:     layout_loops_ring, nicolae_trove_entry_diagonal, minmay_statue_bubble
Temple:   cyrus_temple_forest
Lair:1:   layout_regular_city, beast_lair_carwin_2, uniq_sonja
Lair:2:   nzn_winding_woodlands_small
          [nzn_winding_woodlands_5x15_pathside_ponds,
          nzn_winding_woodlands_center_diamonds,
          nzn_winding_woodlands_5x15_garden], layout_concentric_octagons,
          grunt_megastairs_5, infiniplex_staircase_pool_2
Lair:3:   layout_chaotic_city, chequers_serial_rivers_small_a,
          nicolae_quartered_pool_impasse
Lair:4:   layout_gridlike, minmay_shoals_entry_lonely_mermaid,
          spider_nest_entry_webs
Lair:5:   layout_gridlike, minmay_slime_entry_oklob_open,
          chequers_serial_rivers_marsh, serial_bayou_pond_a
Lair:6:   hellmonk_lair_end_abyssal_woods, layout_loops_ring,
          nicolae_lair_lindhole
Orc:1:    layout_caves, special_room [special_room_bee], nooodl_orcs_dogs

Notes
Turn   | Place    | Note
-------+----------+-------------------------------------------
     0 | D:1      | mcwallace the Barachi Ice Elementalist began the quest for
                  | the Orb.
     0 | D:1      | Reached XP level 1. HP: 13/13 MP: 3/3
    34 | D:1      | Reached skill level 5 in Ice Magic
   182 | D:1      | Reached XP level 2. HP: 9/19 MP: 0/5
   846 | D:1      | Reached XP level 3. HP: 24/24 MP: 4/6
   850 | D:1      | Learned a level 3 spell: Frozen Ramparts
  1247 | D:1      | Reached skill level 6 in Ice Magic
  1618 | D:2      | magus.rc [v1.9.6]
  2038 | D:2      | Found a faded altar of an unknown god.
  2256 | D:2      | Reached XP level 4. HP: 21/31 MP: 5/8
  2700 | D:3      | Found Gumiycs's Magic Scroll Shoppe.
  2712 | D:3      | Reached skill level 1 in Fighting
  2712 | D:3      | Reached skill level 3 in Spellcasting
  2895 | D:3      | Reached XP level 5. HP: 30/37 MP: 5/9
  3042 | D:3      | Found an ancient bone altar of Kikubaaqudgha.
  3078 | D:3      | Found a radiant altar of Vehumet.
  3079 | D:3      | Found a shadowy altar of Dithmenos.
  3166 | D:3      | Found a sacrificial altar of Ru.
  3192 | D:3      | You pick up a book of Blood and begin reading...
  3192 | D:3      | You add the spells Sublimation of Blood, Wereblood and
                  | Summon Hydra to your library.
  3268 | D:3      | Found a glowing silver altar of Zin.
  3307 | D:3      | You fall into a shaft and drop 2 floors!
  3307 | D:5      | Entered Level 5 of the Dungeon
  3307 | D:5      | Noticed Pikel
  3307 | D:5      | Noticed a lemure
  3307 | D:5      | Noticed a lemure
  3307 | D:5      | Noticed a lemure
  3307 | D:5      | Noticed a lemure
  3310 | D:5      | Noticed a +0 dagger
  3310 | D:5      | Noticed a +0 spear
  3327 | D:4      | Killed a lemure
  3387 | D:4      | Reached skill level 3 in Dodging
  3810 | D:4      | Reached skill level 2 in Fighting
  3964 | D:4      | Found a basalt altar of Yredelemnul.
  4195 | D:5      | Noticed a black bear
  4236 | D:5      | Killed a black bear
  4237 | D:5      | Reached XP level 6. HP: 46/46 MP: 7/11
  4259 | D:5      | Killed Pikel
  4260 | D:5      | Reached skill level 4 in Fighting
  4260 | D:5      | Reached skill level 2 in Armour
  4260 | D:5      | Reached skill level 4 in Dodging
  4260 | D:5      | Reached skill level 4 in Spellcasting
  4260 | D:5      | Reached skill level 7 in Ice Magic
  4260 | D:5      | Reached XP level 7. HP: 26/55 MP: 7/13
  4312 | D:5      | Found a staircase to the Ecumenical Temple.
  4322 | Temple   | Entered the Ecumenical Temple
  4354 | Temple   | Became a worshipper of Cheibriados the Contemplative
  4485 | D:5      | Reached skill level 5 in Fighting
  4485 | D:5      | Reached XP level 8. HP: 56/62 MP: 10/14
  4638 | D:5      | Noticed a +0 short sword
  4639 | D:5      | Noticed a +0 falchion
  4641 | D:5      | Noticed a +0 falchion
  4647 | D:5      | Noticed a +0 spear
  4648 | D:5      | Noticed a +0 short sword
  4648 | D:5      | Noticed a +0 dagger
  4652 | D:5      | Found a hide-covered altar of Uskayaw.
  4688 | D:5      | Learned a level 3 spell: Ozocubu's Armour
  4727 | D:5      | Noticed Edmund
  4750 | D:5      | Killed Edmund
  4751 | D:5      | Reached skill level 3 in Armour
  4923 | D:5      | Found a shimmering altar of Xom.
  5263 | D:6      | Reached * piety under Cheibriados
  5397 | D:6      | Reached skill level 6 in Fighting
  5397 | D:6      | Reached skill level 1 in Invocations
  6118 | D:7      | Reached skill level 5 in Dodging
  6118 | D:7      | Reached skill level 5 in Spellcasting
  6185 | D:7      | Reached skill level 4 in Armour
  6191 | D:7      | HP: 14/65 [acid (8)]
  6196 | D:7      | HP: 15/65 [bullfrog (7)]
  6197 | D:7      | Reached skill level 8 in Ice Magic
  6197 | D:7      | Reached XP level 9. HP: 16/71 MP: 8/16
  6254 | D:7      | Reached skill level 7 in Fighting
  6254 | D:7      | Reached skill level 2 in Invocations
  6336 | D:7      | Found Rologa's General Store.
  6394 | D:7      | Found a runed translucent door.
  6395 | D:7      | Noticed Crazy Yiuf
  6596 | D:7      | You add the spells Sting, Poisonous Vapours and Olgreb's
                  | Toxic Radiance to your library.
  6645 | D:7      | Reached ** piety under Cheibriados
  6650 | D:7      | Noticed Harold
  6664 | D:7      | Killed Harold
  6665 | D:7      | Reached skill level 2 in Summonings
  6711 | D:7      | Reached skill level 8 in Fighting
  6762 | D:7      | Found a white marble altar of Elyvilon.
  6800 | D:7      | Reached skill level 5 in Armour
  6800 | D:7      | Reached skill level 6 in Dodging
  7035 | D:7      | Killed Crazy Yiuf
  7109 | D:8      | You pick up a book of Alchemy and begin reading...
  7109 | D:8      | You add the spells Petrify and Irradiate to your library.
  7219 | D:8      | Reached skill level 3 in Invocations
  7297 | D:8      | Noticed an unseen horror
  7305 | D:8      | Killed an unseen horror
  7306 | D:8      | Reached skill level 6 in Spellcasting
  7306 | D:8      | Reached skill level 3 in Summonings
  7309 | D:8      | Found a broken altar of Ashenzari.
  7309 | D:8      | Found a stormy altar of Qazlal.
  7363 | D:8      | Reached XP level 10. HP: 81/82 MP: 12/19
  7367 | D:8      | Reached *** piety under Cheibriados
  7986 | D:9      | You pick up a book of the Hunter and begin reading...
  7986 | D:9      | You add the spells Call Canine Familiar, Portal Projectile
                  | and Leda's Liquefaction to your library.
  8038 | D:9      | Found a glowing golden altar of the Shining One.
  8218 | D:9      | Reached skill level 9 in Fighting
  8892 | D:10     | Entered Level 10 of the Dungeon
  8918 | D:10     | HP: 20/83 [centaur warrior zombie (8)]
  8923 | D:10     | Reached skill level 6 in Armour
  9075 | D:10     | Reached skill level 4 in Summonings
  9118 | D:10     | Reached skill level 7 in Dodging
  9118 | D:10     | Reached skill level 4 in Invocations
  9137 | D:10     | Reached skill level 10 in Fighting
  9141 | D:10     | Learned a level 3 spell: Call Canine Familiar
  9150 | D:10     | Found a transporter.
  9154 | D:10     | Found a transporter.
  9155 | D:10     | Noticed DrKleor's ghost (novice DsFi)
  9346 | D:10     | Found a staircase to the Lair.
  9361 | D:10     | Reached **** piety under Cheibriados
  9469 | D:10     | Found Marduk's Dragon-Slaying Spoils.
  9523 | D:10     | Reached skill level 7 in Spellcasting
  9523 | D:10     | Reached skill level 5 in Summonings
  9523 | D:10     | Reached XP level 11. HP: 80/90 MP: 16/21
  9625 | D:10     | Noticed Erica
  9632 | D:10     | Killed Erica
  9633 | D:10     | Reached skill level 7 in Armour
  9782 | D:10     | Noticed a four-headed hydra
  9791 | D:10     | Killed a one-headed hydra
  9792 | D:10     | Reached skill level 5 in Invocations
  9845 | D:10     | Found a staircase to the Orcish Mines.
 10231 | D:10     | Reached skill level 8 in Dodging
 10231 | D:10     | Reached skill level 6 in Summonings
 10421 | Lair:1   | Entered Level 1 of the Lair of Beasts
 10462 | Lair:1   | You pick up a book of Displacement and begin reading...
 10462 | Lair:1   | You add the spells Lesser Beckoning, Gell's Gravitas and
                  | Teleport Other to your library.
 10577 | Lair:1   | Reached skill level 8 in Armour
 10621 | Lair:1   | Reached ***** piety under Cheibriados
 10761 | Lair:1   | Noticed Sonja
 10771 | Lair:1   | Killed Sonja
 10772 | Lair:1   | Reached skill level 8 in Spellcasting
 11078 | Lair:1   | Reached skill level 7 in Summonings
 11293 | Lair:2   | Noticed a five-headed hydra
 11389 | Lair:2   | Reached skill level 6 in Invocations
 11390 | Lair:2   | Reached XP level 12. HP: 90/97 MP: 16/24
 11403 | Lair:2   | Reached skill level 9 in Dodging
 11514 | Lair:2   | Noticed a four-headed hydra
 11527 | Lair:2   | Killed a one-headed hydra
 11533 | Lair:2   | Reached skill level 9 in Armour
 11549 | Lair:2   | Killed a four-headed hydra
 11550 | Lair:2   | HP: 22/97 [cane toad (4)]
 11555 | Lair:2   | HP: 23/97 [poisoned by a cane toad]
 11678 | Lair:2   | Noticed a six-headed hydra
 11691 | Lair:2   | Killed a four-headed hydra
 11692 | Lair:2   | Reached skill level 8 in Summonings
 11801 | Lair:2   | Noticed a seven-headed hydra
 11810 | Lair:2   | Reached skill level 9 in Spellcasting
 11811 | Lair:2   | Killed a four-headed hydra
 12083 | Lair:2   | Reached skill level 7 in Invocations
 12260 | Lair:2   | Reached skill level 10 in Armour
 12260 | Lair:2   | Reached skill level 10 in Dodging
 12595 | Lair:3   | Reached skill level 9 in Summonings
 12831 | Lair:3   | You add the spells Corpse Rot, Ozocubu's Refrigeration and
                  | Maxwell's Capacitive Coupling to your library.
 12831 | Lair:3   | Got the Volume of Gliding Cold
 13032 | Lair:3   | Gained mutation: You can hop long distances. [Barachi
                  | growth]
 13032 | Lair:3   | Reached XP level 13. HP: 103/103 MP: 19/26
 13411 | Lair:4   | Reached skill level 10 in Summonings
 13415 | Lair:4   | Reached skill level 11 in Armour
 13551 | Lair:4   | Reached skill level 1 in Evocations
 13741 | Lair:4   | Found a hole to the Spider Nest.
 13773 | Lair:4   | Reached skill level 2 in Evocations
 13793 | Lair:4   | Reached ****** piety under Cheibriados
 14034 | Lair:4   | Reached skill level 3 in Evocations
 14276 | Lair:4   | Found a staircase to the Shoals.
 14943 | Lair:5   | Found a staircase to the Slime Pits.
 14949 | Lair:5   | Reached skill level 11 in Summonings
 14950 | Lair:5   | Reached skill level 4 in Evocations
 14976 | Lair:5   | Identified the +7 hand crossbow of Sesakhleq {penet, rPois}
 15261 | Lair:6   | Entered Level 6 of the Lair of Beasts
 15294 | Lair:6   | Reached skill level 8 in Invocations
 15373 | Lair:6   | Reached skill level 5 in Evocations
 15618 | Lair:6   | Learned a level 7 spell: Summon Hydra
 15705 | Lair:6   | Reached skill level 12 in Summonings
 15729 | Lair:6   | Reached skill level 9 in Invocations
 15810 | Lair:6   | Reached XP level 14. HP: 104/110 MP: 21/27
 16124 | Lair:6   | Reached skill level 13 in Summonings
 16461 | Lair:6   | Reached skill level 10 in Invocations
 16939 | Lair:6   | Found a corrupted altar of Lugonu.
 16939 | Lair:6   | Found a one-way gate to the infinite horrors of the Abyss.
 16953 | Lair:6   | You pick up a book of Frost and begin reading...
 17085 | Lair:6   | magus.rc [v1.9.6]
 17278 | D:11     | Reached skill level 14 in Summonings
 17416 | D:11     | You pick up a book of Debilitation and begin reading...
 17416 | D:11     | You add the spells Slow, Vampiric Draining and Confusing
                  | Touch to your library.
 17454 | D:11     | Noticed Fannar
 17458 | D:11     | Killed Fannar
 17938 | D:11     | Found Touroll's Tempting Trifles.
 18082 | D:12     | Reached skill level 11 in Invocations
 18380 | D:12     | Found a portal to a secret trove of treasure.
 18388 | D:12     | This trove needs 6 scrolls of fog to function. Give it the
                  | items?
 19334 | D:12     | Identified the +7 great mace of Goimuuw {distort, rElec rF+
                  | rN+ Will-}
 19421 | Orc:1    | Entered Level 1 of the Orcish Mines
 19484 | Orc:1    | HP: 10/110 [ettin/+0 dire flail (36)]
 19484 | Orc:1    | Mangled by an orc warrior

Vanquished Creatures
  Harold (D:7)
  Fannar (D:11)
  7 hydras
  Erica (D:10)
  4 death yaks (Lair:4)
  Sonja (Lair:1)
  Pikel (D:5)
  3 lindwurms (Lair:6)
  An obsidian statue (D:12)
  3 oklob plants (Lair:5)
  11 elephants
  A cyclops (D:12)
  2 manticores (D:11)
  2 centaur zombies (D:10)
  3 black mambas
  9 cane toads
  A torpor snail (Lair:6)
  3 rime drakes
  An unseen horror (D:8)
  9 komodo dragons
  2 ice devils (D:11)
  2 trolls
  2 polar bears
  A blink frog (shapeshifter) (D:10)
  22 blink frogs
  A dream sheep (Lair:2)
  A hornet (D:9)
  A meliai zombie (D:10)
  2 shadows
  3 wraiths
  A nameless horror (Lair:6)
  2 vampires
  5 wyverns
  3 ynoxinuls (Lair:6)
  32 yaks
  A basilisk (Lair:2)
  5 small abominations (Lair:6)
  A large abomination (Lair:6)
  2 redbacks (Lair:4)
  7 vampire mosquitoes
  A steam dragon (D:8)
  A warg (Orc:1)
  Edmund (D:5)
  19 water moccasins
  2 ice beasts (D:7)
  3 orc warriors
  A black bear (D:5)
  A necrophage (D:5)
  10 wolves
  An ogre (D:6)
  3 centaurs
  A lemure (D:4)
  2 kobold brigands
  A gnoll sergeant (D:11)
  6 bullfrogs
  A scorpion (D:6)
  A water moccasin skeleton (D:6)
  7 killer bees
  2 howler monkeys
  4 electric eels (D:10)
  A jelly (D:7)
  A lava snake (D:11)
  2 orc priests
  Crazy Yiuf (D:7)
  A bullfrog skeleton (D:5)
  A gnoll shaman (D:8)
  6 hounds
  2 centaur skeletons
  An iguana (D:7)
  6 orc wizards
  4 hell rats (Lair:5)
  A killer bee zombie (D:8)
  2 hound skeletons (D:4)
  15 gnolls
  A howler monkey skeleton (D:5)
  6 adders
  A worm (D:4)
  A dart slug (D:3)
  26 orcs
  9 ball pythons
  9 endoplasms
  5 giant cockroaches
  8 goblins
  10 hobgoblins
  A quokka (D:3)
  8 bats
  3 frilled lizards
  15 kobolds
  5 rats
381 creatures vanquished.

Vanquished Creatures (collateral kills)
  A boulder beetle (D:12)
  A hydra (Lair:2)
  A two-headed ogre (D:12)
  A two-headed ogre (shapeshifter) (Lair:6)
  4 thrashing horrors (Lair:6)
  An ugly thing (Lair:6)
  A cyclops (D:11)
  A centaur zombie (D:10)
  A merfolk siren (Lair:4)
  2 cane toads (Lair:2)
  A smoke demon (Lair:6)
  A komodo dragon (Lair:4)
  A rime drake (Lair:3)
  An ancient zyme (Lair:6)
  6 blink frogs
  2 spriggans (Lair:6)
  3 yaks (Lair:4)
  A ynoxinul (Lair:6)
  3 basilisks
  2 water moccasins
  An orc warrior (Orc:1)
  6 small abominations (Lair:6)
  2 bullfrogs
  A wight (D:10)
  A killer bee (D:10)
  An electric eel (D:10)
  An orc priest (Orc:1)
  An orc (Orc:1)
49 creatures vanquished.

Vanquished Creatures (others)
  52 fungi
  69 plants
121 creatures vanquished.

Grand Total: 551 creatures vanquished

Table legend:
 A = Non-vault XP
 B = Vault XP
 C = Vault XP percentage of total XP
 D = Non-vault monster count
 E = Vault monster count
 F = Vault count percentage of total count
                 A         B        C        D         E       F
            +---------+---------+-------+---------+---------+-------
      Total |   53911 |   27920 |  34.1 |     340 |      88 |  20.6
            +---------+---------+-------+---------+---------+-------
        D:1 |      57 |       0 |   0.0 |      35 |       0 |   0.0
        D:2 |      27 |       0 |   0.0 |      10 |       0 |   0.0
        D:3 |      86 |      30 |  25.9 |      18 |       4 |  18.2
        D:4 |      66 |       0 |   0.0 |      10 |       0 |   0.0
        D:5 |     496 |     831 |  62.6 |      12 |       2 |  14.3
        D:6 |     325 |       0 |   0.0 |       7 |       0 |   0.0
        D:7 |    1072 |     939 |  46.7 |      23 |       2 |   8.0
        D:8 |    1142 |       0 |   0.0 |      15 |       0 |   0.0
        D:9 |     471 |       0 |   0.0 |      10 |       0 |   0.0
       D:10 |    3635 |    2844 |  43.9 |      17 |      12 |  41.4
       D:11 |    5044 |    1815 |  26.5 |      29 |       5 |  14.7
       D:12 |    4098 |     640 |  13.5 |      19 |       1 |   5.0
     Lair:1 |    3435 |    1382 |  28.7 |      11 |       5 |  31.2
     Lair:2 |    8107 |    3513 |  30.2 |      34 |       9 |  20.9
     Lair:3 |    4497 |       0 |   0.0 |      16 |       0 |   0.0
     Lair:4 |    7437 |     822 |  10.0 |      20 |       3 |  13.0
     Lair:5 |    1390 |    1574 |  53.1 |       9 |       3 |  25.0
     Lair:6 |   11951 |   13530 |  53.1 |      35 |      42 |  54.5
      Orc:1 |     575 |       0 |   0.0 |      10 |       0 |   0.0
            +---------+---------+-------+---------+---------+-------

Illustrated notes

Table legend:
 A = Kills in this place as a percentage of kills in entire the game.
 B = Kills by you in this place as a percentage of kills by you in the entire game.
 C = Kills by friends in this place as a percentage of kills by friends in the entire game.
 D = Other kills in this place as a percentage of other kills in the entire game.
 E = Experience gained in this place as a percentage of experience gained in the entire game.
 F = Experience gained in this place divided by the number of levels of this place that you have seen.
                   A       B       C       D       E      F
               +-------+-------+-------+-------+-------+----------------------
         Total | 100.0 | 100.0 | 100.0 |   N/A | 100.0 | 4091.6
       Dungeon |  54.0 |  59.1 |  14.3 |   N/A |  28.9 | 1968.2
          Lair |  43.7 |  39.1 |  79.6 |   N/A |  70.4 | 9606.3
  Orcish Mines |   2.3 |   1.8 |   6.1 |   N/A |   0.7 | 575.0
               +-------+-------+-------+-------+-------+----------------------

Table legend: (Time is in decaauts)
 A = Elapsed time spent in this place.
 B = Non-inter-level travel time spent in this place.
 C = Inter-level travel time spent in this place.
 D = Time resting spent in this place.
 E = Time spent auto-exploring this place.
 F = Levels seen in this place.
 G = Mean time per level.
                   A        B        C        D        E       F      G
               +--------+--------+--------+--------+--------+-----+--------+
         Total |  31788 |  29446 |   2342 |   1227 |  19439 |  20 | 1589.4 |
       Dungeon |  18889 |  17350 |   1539 |    668 |  12232 |  12 | 1574.1 |
        Temple |     70 |     70 |      0 |      0 |      0 |   1 |   70.0 |
          Lair |  12713 |  11911 |    802 |    559 |   7207 |   6 | 2118.8 |
  Orcish Mines |    115 |    115 |      0 |      0 |      0 |   1 |  115.0 |
               +--------+--------+--------+--------+--------+-----+--------+

Top non-repeatable levels by time:
  Lair:6: 3169 daAuts
    D:10: 2523 daAuts
    D:12: 2501 daAuts
  Lair:2: 2317 daAuts
  Lair:5: 1918 daAuts
    D:11: 1907 daAuts
  Lair:4: 1884 daAuts
  Lair:3: 1715 daAuts
  Lair:1: 1709 daAuts
     D:9: 1577 daAuts
     D:7: 1540 daAuts
     D:8: 1531 daAuts
     D:2: 1513 daAuts
     D:1: 1457 daAuts
     D:5: 1394 daAuts
